 Seeded DCSS version 0.29.1-13-g9f3cf754e1 (webtiles) character file.

Game seed: 2520462099829328867 (custom seed)

7826 nickcage the Thaumaturge (level 11, -20/54 HPs)
             Began as a Deep Elf Ice Elementalist on Jan 31, 2023.
             Was a High Priest of Vehumet.
             Killed by the air
             ... invoked by Gastronok
              (26 damage)
             ... on level 8 of the Dungeon on Feb 2, 2023.
             The game lasted 01:06:22 (10218 turns).

nickcage the Thaumaturge (DEIE)                    Turns: 10218, Time: 01:06:22

Health: -20/54     AC: 16    Str:  5    XL:     11   Next: 1%
Magic:  9/28       EV: 12    Int: 25    God:    Vehumet [*****.]
Gold:   343        SH:  0    Dex: 15    Spells: 6/32 levels left

rFire   . . .      SeeInvis .   h - +5 demon blade (venom)
rCold   + . .      Faith    .   (no shield)
rNeg    . . .      Spirit   .   D - +2 robe {Will+}
rPois   .          Reflect  .   (no helmet)
rElec   .          Harm     .   r - +0 cloak
rCorr   .          Rampage  .   (no gloves)
Will    ++...                   f - +1 pair of boots
Stlth   ++........              v - amulet of the acrobat
HPRegen 0.18/turn               c - ring of protection from cold
MPRegen 0.21/turn               (no ring)

@: ice-armoured
A: no striking features
a: Renounce Religion


You were on level 8 of the Dungeon.
You worshipped Vehumet.
Vehumet was extremely pleased with you.
You visited 1 branch of the dungeon, and saw 8 of its levels.
You also visited: Sewer, Ossuary and Bailey.

You collected 427 gold pieces.
You spent 84 gold pieces at shops.

Inventory:

Hand Weapons
 h - a +5 demon blade of venom (weapon)
Missiles
 k - 23 poisoned darts
Armour
 f - a +1 pair of boots (worn)
 r - a +0 cloak (worn)
 x - a +2 robe of positive energy
 D - a +2 robe of willpower (worn)
Jewellery
 c - a ring of protection from cold (left hand)
 d - a ring of protection from fire
 v - an amulet of the acrobat (around neck)
Wands
 a - a wand of digging (5)
 g - a wand of mindburst (17)
 l - a wand of flame (7)
 K - a wand of polymorph (10)
Scrolls
 i - 2 scrolls of magic mapping
 q - 3 scrolls of enchant armour
 s - a scroll of butterflies
 y - 2 scrolls of teleportation
 H - 2 scrolls of poison
 J - a scroll of fear
Potions
 b - 2 potions of magic
 e - 6 potions of curing {unknown}
 j - 4 potions of haste
 m - 2 potions of lignification
 n - 3 potions of mutation
 o - 2 potions of resistance
 p - a potion of flight
 z - 5 potions of heal wounds
 E - 2 potions of ambrosia
 G - a potion of brilliance
 L - a potion of attraction {unknown}


   Skills:
 - Level 2.0 Long Blades
 - Level 2.4 Dodging
 - Level 2.4 Stealth
 + Level 11.2 Spellcasting
 * Level 7.9 Conjurations
 - Level 8.0 Translocations
 - Level 11.0 Ice Magic
 * Level 5.1 Earth Magic


You had 6 spell levels left.
You knew the following spells:

 Your Spells              Type           Power      Damage    Failure   Level
a - Freeze                Ice            100%       1d11      1%          1
b - Frozen Ramparts       Ice            100%       1d16      1%          3
c - Ozocubu's Armour      Ice            62%        N/A       1%          3
d - Gell's Gravitas       Tloc           52%        N/A       1%          3
e - Dispersal             Tloc           26%        N/A       26%         6
f - Hailstorm             Conj/Ice       57%        3d12      1%          4
g - Iron Shot             Conj/Erth      23%        9d5       12%         6

Your spell library contained the following spells:

 Spells                   Type           Power      Damage    Failure   Level
 Mephitic Cloud           Conj/Pois/Air  27%        N/A       1%          3
 Teleport Other           Tloc           52%        N/A       1%          3
 Passwall                 Tmut/Erth      21%        N/A       2%          2
 Sticky Flame             Conj/Fire      33%        2d5       2%          4
 Summon Small Mammal      Summ           56%        N/A       4%          1
 Lightning Bolt           Conj/Air       16%        1d30      7%          5
 Airstrike                Air            7%         2d(1-17)  12%         4
 Call Canine Familiar     Summ           14%        N/A       13%         3
 Summon Guardian Golem    Hex/Summ       14%        N/A       13%         3
 Summon Lightning Spire   Summ/Air       14%        N/A       41%         4


Dungeon Overview and Level Annotations

Branches:
Dungeon (8/15)             Temple (0/1) D:5           Sewer (visited)
Ossuary (visited)          Bailey (visited)
   Lair: D:8-11

Altars:
Cheibriados
Kikubaaqudgha
Trog
Vehumet
Xom

Shops:
D:3 *   D:6 (   D:7 (

Portals:
Abyss: D:5

Annotations:
D:3 Grinder
D:5 2 transporters, y3s's ghost, novice MiBe
D:8 Gastronok


Message History

Aiming: Freeze (safe; 1% risk of failure)
Press: ? - help, Q - select action, (/) - cycle Shift-Dir - straight line, f/p - boulder beetle
Aim: a boulder beetle (heavily wounded, poisoned)
You freeze the boulder beetle!
The boulder beetle is severely wounded.
The wall freezes Gastronok.
The wall freezes the boulder beetle but does no damage.
The boulder beetle bites you!
* * * LOW HITPOINT WARNING * * *
Aiming: Freeze (safe; 1% risk of failure)
Press: ? - help, Q - select action, (/) - cycle Shift-Dir - straight line, f/p - boulder beetle
Aim: a boulder beetle (severely wounded, poisoned)
You freeze the boulder beetle.
The boulder beetle is severely wounded.
The wall freezes the boulder beetle but does no damage.
The boulder beetle bites you.
* * * LOW HITPOINT WARNING * * *
Aiming: Freeze (safe; 1% risk of failure)
Press: ? - help, Q - select action, (/) - cycle Shift-Dir - straight line, f/p - boulder beetle
Aim: a boulder beetle (severely wounded, poisoned)
You freeze the boulder beetle!
The boulder beetle is almost dead.
The wall freezes the boulder beetle.
The boulder beetle closely misses you.
Aiming: Freeze (safe; 1% risk of failure)
Press: ? - help, Q - select action, (/) - cycle Shift-Dir - straight line, f/p - boulder beetle
Aim: a boulder beetle (almost dead, poisoned)
You freeze the boulder beetle.
The boulder beetle is almost dead.
The frozen ramparts melt away.
The boulder beetle bites you!
* * * LOW HITPOINT WARNING * * *
Aiming: Freeze (safe; 1% risk of failure)
Press: ? - help, Q - select action, (/) - cycle Shift-Dir - straight line, f/p - boulder beetle
Aim: a boulder beetle (almost dead, poisoned)
You freeze the boulder beetle.
You kill the boulder beetle!
Vehumet accepts your kill.
You feel your power returning.
Gastronok waves his eye-stalks in wide circles.
The air twists around and strikes you!!
You die...

#####..#..#..#####
#......#..#......#
#..†...#..#......#
#..#####..#####..#
#......#..#......#
#...[..#..#......#
#####..#..#..#####
#...#..#..#†.# .
#.8.#..#..#.@# .
#..)†..#..#..)(w$#
.#
########..########
.# #.###..# (#
#.....## .#
#.##### .#######.#
.........#
..########


You could see Gastronok.

Vanquished Creatures
  A boulder beetle (D:8)
  Pikel (D:5)
  An efreet (D:8)
  A hornet (D:7)
  A blink frog (Bailey)
  Prince Ribbit (D:7)
  4 yaks (D:8)
  A wraith (D:5)
  6 humans (Bailey)
  A steam dragon (D:8)
  A water moccasin (D:6)
  3 orc warriors
  3 sky beasts
  4 black bears
  3 ogres
  4 ice beasts
  3 centaurs (D:8)
  2 phantoms
  3 lemures (D:5)
  4 kobold brigands
  8 bullfrogs
  A necrophage (D:7)
  A scorpion (D:6)
  6 wights
  2 killer bees (D:8)
  4 crimson imps (D:5)
  8 jellies
  Crazy Yiuf (D:5)
  5 hounds
  4 orc priests
  8 orc wizards
  3 iguanas
  A mummy (Ossuary)
  13 gnolls
  5 adders
  10 river rats (Sewer)
  A shadow imp (D:6)
  3 white imps (D:5)
  2 ufetubi
  4 worms
  3 dart slugs
  14 orcs
  7 endoplasms
  3 giant cockroaches
  8 goblins
  11 hobgoblins
  11 jackals (D:3)
  22 kobolds
  8 quokkas
  9 ball pythons
  2 bats (D:1)
  9 frilled lizards
  5 gnoll skeletons (Ossuary)
  2 kobold skeletons (Ossuary)
  10 orc skeletons (Ossuary)
  13 rats
275 creatures vanquished.

Vanquished Creatures (others)
  A wight (D:8)
  4 plants (D:3)
5 creatures vanquished.

Grand Total: 280 creatures vanquished

Notes
Turn   | Place    | Note
-------+----------+-------------------------------------------
     0 | D:1      | nickcage the Deep Elf Ice Elementalist began the quest for
                  | the Orb.
     0 | D:1      | Reached XP level 1. HP: 10/10 MP: 6/6
   364 | D:1      | Reached XP level 2. HP: 13/15 MP: 2/8
   478 | D:1      | Reached skill level 5 in Ice Magic
   886 | D:2      | Reached XP level 3. HP: 13/19 MP: 6/9
   890 | D:2      | Learned a level 3 spell: Frozen Ramparts
   894 | D:2      | Learned a level 3 spell: Ozocubu's Armour
  1221 | D:2      | Found a radiant altar of Vehumet.
  1226 | D:2      | Became a worshipper of Vehumet
  2069 | D:3      | Learned a level 3 spell: Gell's Gravitas
  2129 | D:3      | Found Gonnuxy's Assorted Antiques.
  2136 | D:3      | Bought a scroll labelled DOKOME UCHY for 29 gold pieces
  2136 | D:3      | Bought a scroll labelled IRIR ZEOHAPRU for 29 gold pieces
  2136 | D:3      | Bought a ruby potion for 26 gold pieces
  2139 | D:3      | Identified a scroll of acquirement
  2139 | D:3      | Acquired a +3 demon blade of venom
  2158 | D:3      | Found a faded altar of an unknown god.
  2171 | D:3      | Reached XP level 4. HP: 18/24 MP: 12/12
  2463 | D:3      | Reached skill level 1 in Long Blades
  2472 | D:3      | Noticed Grinder
  2652 | D:3      | Found a snail-covered altar of Cheibriados.
  2730 | D:3      | Reached * piety under Vehumet
  2730 | D:3      | Offered knowledge of Sandblast by Vehumet.
  2784 | D:3      | Got the Grimoire of Transforming Damage Dealing
  2807 | D:3      | Found a faded altar of an unknown god.
  2911 | D:3      | Reached skill level 1 in Translocations
  3044 | D:4      | Identified the +1 leather armour of Suegum Ebeta {Int+4}
  3162 | D:4      | Reached XP level 5. HP: 28/28 MP: 5/13
  3424 | D:4      | Identified the +7 dagger "Plog" {freeze, +Blink rPois}
  3462 | D:4      | Noticed a phantom
  3483 | D:4      | Killed a phantom
  3484 | D:4      | Reached XP level 6. HP: 19/32 MP: 9/14
  3986 | D:5      | Entered Level 5 of the Dungeon
  3995 | D:5      | Reached skill level 5 in Spellcasting
  4054 | D:5      | Found a transporter.
  4061 | D:5      | Noticed Pikel
  4073 | D:5      | Killed Pikel
  4074 | D:5      | Reached XP level 7. HP: 33/36 MP: 7/18
  4081 | D:5      | Learned a level 6 spell: Dispersal
  4110 | D:5      | Found a sand-covered staircase.
  4117 | Ossuary  | Entered an ossuary
  4117 | Ossuary  | Noticed a wraith
  4117 | Ossuary  | Noticed a wraith
  4117 | Ossuary  | Noticed a wraith
  4156 | Ossuary  | Offered knowledge of Searing Ray by Vehumet.
  4160 | Ossuary  | Reached ** piety under Vehumet
  4291 | Ossuary  | Noticed a wraith
  4332 | D:5      | Killed a wraith
  4333 | D:5      | Reached XP level 8. HP: 31/41 MP: 15/20
  4428 | D:5      | Found a transporter.
  4453 | D:5      | Noticed y3s's ghost (novice MiBe)
  4487 | D:5      | Found a glowing drain.
  4518 | Sewer    | Entered a sewer
  4543 | Sewer    | Offered knowledge of Conjure Flame by Vehumet.
  4687 | Sewer    | Reached *** piety under Vehumet
  5014 | D:5      | Learned a level 4 spell: Hailstorm
  5257 | D:5      | Found a staircase to the Ecumenical Temple.
  5315 | D:5      | Found a shimmering altar of Xom.
  5320 | D:5      | Offered knowledge of Fulminant Prism by Vehumet.
  5598 | D:5      | Found a one-way gate to the infinite horrors of the Abyss.
  5629 | D:5      | Found a runed translucent door.
  5630 | D:5      | Noticed Crazy Yiuf
  5638 | D:5      | Killed Crazy Yiuf
  5885 | D:5      | Reached skill level 10 in Ice Magic
  6147 | D:6      | Reached XP level 9. HP: 45/45 MP: 12/23
  6248 | D:6      | Reached **** piety under Vehumet
  6255 | D:6      | Reached skill level 5 in Translocations
  6589 | D:6      | Found an ancient bone altar of Kikubaaqudgha.
  6647 | D:6      | Reached skill level 1 in Conjurations
  6652 | D:6      | Offered knowledge of Stone Arrow by Vehumet.
  7035 | D:6      | Found a bloodstained altar of Trog.
  7508 | D:6      | Found Pimimm's Weapon Shoppe.
  7884 | D:7      | Found Nyofan's Weapon Shop.
  7916 | D:7      | Found a flagged portal.
  7924 | D:7      | Paralysed by a hornet for 1 turns
  7983 | Bailey   | Entered a bailey
  8098 | Bailey   | Reached skill level 5 in Conjurations
  8107 | Bailey   | Reached XP level 10. HP: 50/50 MP: 16/25
  8179 | Bailey   | Reached ***** piety under Vehumet
  8207 | Bailey   | Offered knowledge of Iron Shot by Vehumet.
  8215 | Bailey   | Learned a level 6 spell: Iron Shot
  8273 | Bailey   | Reached skill level 1 in Earth Magic
  8302 | Bailey   | Noticed a vault guard
  8477 | D:7      | Noticed Prince Ribbit
  8482 | D:7      | Killed Prince Ribbit
  9628 | D:8      | Reached skill level 10 in Spellcasting
 10017 | D:8      | Reached skill level 5 in Earth Magic
 10205 | D:8      | Noticed a boulder beetle
 10205 | D:8      | Noticed Gastronok
 10212 | D:8      | Reached XP level 11. HP: 33/54 MP: 14/28
 10218 | D:8      | Killed a boulder beetle
 10218 | D:8      | Killed from afar by Gastronok

Illustrated notes

Levels and vault maps discovered:
D:1:      dpeg_arrival_stone_temple_mockup, layout_basic,
          minmay_misc_feat_columns
D:2:      layout_basic, basic_altar, amethyst_killhole
D:3:      layout_basic, nicolae_overflow_ecumenical_swirl,
          dilly_ecumenical_altar_fadedgnrine, serial_shops, shop, uniq_grinder
D:4:      layout_loops_cross
D:5:      layout_basic, led_xom_imps, minmay_temple_entry_ruins,
          nicolae_ossuary_entry_ruins, gammafunk_ghost_abyssal_escape,
          portal_sewer_entry_f, uniq_crazy_yiuf_cottage, uniq_pikel
D:6:      layout_loops_corners, lightli_temple_of_fire,
          mainiacjoe_overflow_small_starburst, serial_shops, kennysheep_mini,
          st_stairs_7, kennysheep_generic_room_16
D:7:      layout_cave_pools, serial_column_ruins, column_ruins_open_small,
          column_ruins_open_small, column_ruins_columns_corner,
          column_ruins_open_small, column_ruins_corridor_dead_end,
          enter_bailey_2, serial_shops, shop, chequers_serial_rivers_room_a,
          glass_columns_b, uniq_prince_ribbit1
D:8:      kennysheep_windowed_halls, layout_loops_ring,
          minmay_guarded_unrand_variability, uniq_gastronok

Skill      XL: |  1  2  3  4  5  6  7  8  9 10 |
---------------+-------------------------------+-----
Ice Magic      | 5 6 8 10 11 | 11.0
Spellcasting   | 4 6 8 9 11 | 11.2
Long Blades    | 1 2 |  2.0
Translocations | 1 3 4 7 8 |  8.0
Conjurations   | 5 7 |  7.9
Earth Magic    | 5 |  5.1
Dodging        | |  2.4
Stealth        | |  2.4

Action                   |  1- 3 |  4- 6 |  7- 9 | 10-12 || total
-------------------------+-------+-------+-------+-------++-------
Melee: Hand axe          |     5 |       |       |       ||     5
       Long sword        |    18 |       |       |       ||    18
       Demon blade       |     6 |    46 |   218 |    34 ||   304
       Punch             |       |       |     6 |       ||     6
 Cast: Freeze            |    39 |    25 |    53 |    45 ||   162
       Frozen Ramparts   |     3 |     8 |    19 |    15 ||    45
       Ozocubu's Armour  |     2 |     8 |    17 |    17 ||    44
       Gell's Gravitas   |       |     1 |    13 |     6 ||    20
       Hailstorm         |       |       |     7 |    20 ||    27
Evoke: Wand              |     2 |     4 |     3 |       ||     9
  Use: Scroll            |    10 |     1 |    12 |     4 ||    27
 Stab: Sleeping          |     8 |     2 |     8 |       ||    18
Armor: Robe              |    19 |    18 |   107 |    27 ||   171
Dodge: Dodged            |    23 |    33 |   157 |    50 ||   263
